 Dungeon Crawl Stone Soup version 0.22-a0-570-g58866f5 (webtiles) character file.

43 Omega the Firebug (level 3, 0/26 HPs)
             Began as a Draconian Fire Elementalist on June 30, 2018.
             Was an Initiate of Zin.
             Slain by an adder (2 damage)
             ... on level 2 of the Dungeon.
             The game lasted 00:12:36 (2064 turns).

Omega the Firebug (Draconian Fire Elementalist)     Turns: 2064, Time: 00:12:37

Health: 0/26       AC:  5    Str: 10    XL:     3   Next: 37%
Magic:  1/6        EV: 12    Int: 16    God:    Zin [......]
Gold:   59         SH:  0    Dex: 11    Spells: 1/7 levels left

rFire    . . .     SeeInvis .   (no weapon)
rCold    . . .     Gourm    .   (no shield)
rNeg     . . .     Faith    .   (armour unavailable)
rPois    .         Spirit   .   (helmet restricted)
rElec    .         Reflect  .   (no cloak)
rCorr    .         Harm     .   (no gloves)
MR       .....                  (no boots)
Stlth    ++........             (no amulet)
HPRegen  0.08/turn              (no ring)
MPRegen  0.10/turn              (no ring)

@: no status effects
A: unfitting armour, cold-blooded, AC +5
a: Donate Gold, Renounce Religion


You were on level 2 of the Dungeon.
You worshipped Zin.
Zin was noncommittal.
You were not hungry.

You visited 1 branch of the dungeon, and saw 2 of its levels.

You collected 65 gold pieces.
You donated 6 gold pieces to Zin.

Inventory:

Jewellery
 k - an uncursed ring of ice {unknown}
 o - an uncursed ring of protection from magic {unknown}
Wands
 n - a wand of iceblast (8)
Scrolls
 c - 4 scrolls of identify {unknown}
 d - a scroll of amnesia {unknown}
 e - a scroll of magic mapping {unknown}
 g - 2 scrolls of remove curse {unknown}
 m - a scroll of teleportation {unknown}
 p - a scroll of fear {unknown}
Potions
 a - 3 potions of flight {unknown}
 f - a potion of mutation {unknown}
 h - 4 potions of brilliance {unknown}
 i - a potion of invisibility {unknown}
 j - a potion of lignification {unknown}
 l - a potion of curing {unknown}
Comestibles
 b - 2 rations


   Skills:
 - Level 1.9 Dodging
 - Level 1.9 Stealth
 + Level 2.5 Spellcasting
 + Level 1.6 Conjurations
 + Level 3.6 Fire Magic


You had one spell level left.
You knew the following spells:

 Your Spells              Type           Power        Failure   Level  Hunger
a - Flame Tongue          Conj/Fire      ##...        7%          1    #......
b - Conjure Flame         Conj/Fire      ##......     21%         3    ###....
c - Throw Flame           Conj/Fire      ##....       10%         2    ##.....

Your spell library contained the following spells:

 Spells                   Type           Power        Failure   Level  Hunger
 Fireball                 Conj/Fire      ##........   88%         5    ######.
 Sticky Flame             Conj/Fire      ##......     54%         4    #####..
 Inner Flame              Hex/Fire       #.......     28%         3    ###....


Dungeon Overview and Level Annotations

Branches:
Dungeon (2/15)

Altars:
Xom
Zin


Innate Abilities, Weirdness & Mutations

Your plain brown scales are hard. (AC +5)
You cannot fit into any form of body armour.
You are cold-blooded and may be slowed by cold attacks.


Message History

You completely miss the adder.
Your tail-slap misses the adder.
The adder is severely wounded.
You feel sick.
You are no longer poisoned.
The adder misses you.
You closely miss the adder.
The adder is severely wounded.
The adder bites you but does no damage. The adder bites you.
* * * LOW HITPOINT WARNING * * *
You hit the adder.
The adder is almost dead.
The adder bites you.
* * * LOW HITPOINT WARNING * * *
You miss the adder.
The adder is almost dead.
The adder bites you but does no damage.
You miss the adder.
The adder is almost dead.
The adder bites you.
You die...

........).......>.............#
......#.#)######..............#
..##.###...........##########.#
...... ...........# #.# ...#.#
............# #######.# ..<#.
............# #.......# .
.......a..# #.####### .
......#S### #.# . .####..@# #.#
# ##..# #.# #..# #........ ....
...###### #.... ..... #.....
.....## ) #...........# .
#...........# ........#


You could see a worker ant and an adder.

Vanquished Creatures
  An adder (D:2)
  A ball python (D:2)
  A bat (D:1)
  A giant cockroach (D:2)
  5 goblins (D:1)
  7 hobgoblins
  4 jackals (D:1)
  5 frilled lizards
  A kobold (D:2)
  5 rats
31 creatures vanquished.

Notes
Turn   | Place    | Note
-------+----------+-------------------------------------------
     0 | D:1      | Omega the Draconian Fire Elementalist began the quest for the Orb.
     0 | D:1      | Reached XP level 1. HP: 14/14 MP: 3/3
   412 | D:1      | Reached XP level 2. HP: 20/20 MP: 3/5
  1529 | D:2      | Found a shimmering altar of Xom.
  1529 | D:2      | Noticed an angel
  1531 | D:2      | Found a glowing silver altar of Zin.
  1539 | D:2      | Reached XP level 3. HP: 26/26 MP: 3/6
  1564 | D:2      | Became a worshipper of Zin the Law-Giver
  1594 | D:2      | Learned a level 3 spell: Conjure Flame
  1682 | D:2      | Learned a level 2 spell: Throw Flame
  2064 | D:2      | Slain by an adder

Vault maps used:
D:1:      scummos_arrival_checkerplants
D:2:      grunt_temple_overflow_order_and_chaos_1, overflow_temple_1_default,
          corner_web_ring

Action                   || total
-------------------------++-------
Melee: Unarmed           ||    28
       Tailslap          ||     2
 Cast: Flame Tongue      ||    31
       Throw Flame       ||    13
  Eat: Ration            ||     1
       Chunk             ||     1
Armor: Skin              ||    18
Dodge: Dodged            ||    45

Table legend:
 A = Spawn XP
 B = Non-spawn XP
 C = Spawn XP percentage of total XP
 D = Spawn monster count
 E = Non-spawn monster count
 F = Spawn count percentage of total count
 G = Total turns spent on level
                    A         B        C        D         E        F      G
               +---------+---------+-------+---------+---------+-------+---------
         Total |       0 |      62 |   0.0 |       0 |      31 |   0.0 |  2064
               +---------+---------+-------+---------+---------+-------+---------
           D:1 |       0 |      30 |   0.0 |       0 |      18 |   0.0 |  1478
           D:2 |       0 |      32 |   0.0 |       0 |      13 |   0.0 |   586
               +---------+---------+-------+---------+---------+-------+---------
